 Dungeon Crawl Stone Soup version 0.31-a0-960-g0fca184906 (webtiles) character file.

Game seed: 1506499479634862766

6557 Ekaitz the Firebug (level 10, -3/73 HPs)
             Began as a Demonspawn Fire Elementalist on Oct 22, 2023.
             Was a Priest of Sif Muna.
             Killed themself with a badly aimed concussive blast (7 damage)
             ... on level 10 of the Dungeon on Oct 23, 2023.
             The game lasted 00:30:30 (9125 turns).

Ekaitz the Firebug (Demonspawn Fire Elementalist)   Turns: 9125, Time: 00:30:31

Health: -3/73      AC: 10    Str:  8    XL:     10   Next: 70%
Magic:  16/18      EV: 22    Int: 21    God:    Sif Muna [***...]
Gold:   498        SH:  4    Dex: 14    Spells: 5/20 levels left

rFire   + . .        c - +5 dagger (vamp)
rCold   . . .        v - +0 buckler
rNeg    . . .        a - +0 robe
rPois   .            j - +0 helmet
rElec   .            e - +0 cloak
rCorr   .            (no gloves)
SInv    .            (no boots)
Will    .....        L - amulet of magic regeneration
Stlth   ++           V - ring of protection from fire
HPRegen 0.32/turn    B - +5 ring of evasion
MPRegen 0.56/turn

%: no passive effects
@: agile, sanguine armoured
A: powered by death 1, powered by pain 2, sanguine armour 1, demonic touch 2
a: Renounce Religion, Channel Magic, Forget Spell


You were on level 10 of the Dungeon.
You worshipped Sif Muna.
Sif Muna was most pleased with you.
You visited 2 branches of the dungeon, and saw 11 of its levels.
You also visited: Sewer.

You collected 677 gold pieces.
You spent 179 gold pieces at shops.

Inventory:

Hand Weapons
 c - a +5 vampiric dagger (weapon)
 d - a +2 dagger of speed
 z - a +4 dagger
 C - a +2 dagger of freezing
 N - a +3 quarterstaff
Missiles
 r - 24 poisoned darts
 t - 2 curare-tipped darts
 H - 3 throwing nets
Armour
 a - a +0 robe (worn)
 e - a +0 cloak (worn)
 j - a +0 helmet (worn)
 v - a +0 buckler (worn)
Magical Staves
 W - a staff of fire
Jewellery
 y - a +4 ring of slaying
 B - a +5 ring of evasion (right hand)
 L - an amulet of magic regeneration (around neck)
 O - a ring of ice
 P - a ring of poison resistance
 T - a ring of positive energy
 V - a ring of protection from fire (left hand)
Talismans
 p - a flux talisman
Wands
 G - a wand of flame (26)
 I - a wand of paralysis (10)
Scrolls
 g - 7 scrolls of identify {unknown}
 h - 4 scrolls of fog {unknown}
 k - a scroll of enchant weapon {unknown}
 l - 4 scrolls of fear {unknown}
 m - 4 scrolls of enchant armour {unknown}
 n - 2 scrolls of immolation {unknown}
 o - 3 scrolls of revelation {unknown}
 u - 4 scrolls of poison {unknown}
 w - 2 scrolls of noise {unknown}
 A - 5 scrolls of teleportation {unknown}
 D - a scroll of silence {unknown}
 F - 3 scrolls of blinking {unknown}
 Q - 2 scrolls of torment {unknown}
 U - a scroll of acquirement {unknown}
Potions
 b - 4 potions of magic
 f - 4 potions of heal wounds {unknown}
 i - 4 potions of curing
 q - 3 potions of invisibility
 s - 2 potions of cancellation {unknown}
 x - 3 potions of haste {unknown}
 E - a potion of attraction {unknown}
 J - a potion of berserk rage {unknown}
 K - 4 potions of degeneration {unknown}
 M - 3 potions of might {unknown}
 R - a potion of mutation {unknown}
 S - a potion of enlightenment {unknown}


   Skills:
 * Level 4.5 Fighting
 + Level 1.4 Short Blades
 + Level 2.5 Dodging
 + Level 3.6 Stealth
 * Level 2.4 Shields
 + Level 5.9 Spellcasting
 + Level 3.8 Conjurations
 + Level 4.4 Hexes
 * Level 4.6 Necromancy
 * Level 4.1 Translocations
 * Level 7.6 Fire Magic
 * Level 4.4 Air Magic
 * Level 5.0 Invocations


You had 5 spell levels left.
You knew the following spells:

 Your Spells              Type           Power      Damage    Failure   Level
a - Foxfire               Conj/Fire      100%       2x1d9     1%          1
b - Scorch                Fire           76%        2d8       1%          2
c - Volatile Blastmotes   Fire/Tloc      60%        2d15      4%          3
d - Flame Wave            Conj/Fire      30%        2d9       14%         4
i - Inner Flame           Hex/Fire       31%        N/A       3%          3
r - Cigotuvi's Dreadful   Necr/Pois/Air  36%        N/A       7%          2

Your spell library contained the following spells:

 Spells                   Type           Power      Damage    Failure   Level
 Ignite Poison            Fire/Tmut/Pois 16%        N/A       16%         3
 Vhi's Electric Charge    Tloc/Air       48%        N/A       26%         4
 Frozen Ramparts          Ice            12%        1d2       43%         3
 Arcjolt                  Conj/Air       11%        1d21      61%         5
 Freezing Cloud           Conj/Ice/Air   8%         6-21      80%         5
 Petrify                  Tmut/Erth      6%         N/A       83%         4
 Metabolic Englaciation   Hex/Ice        7%         N/A       86%         5
 Plasma Beam              Fire/Air       15%        2x1d27    89%         6


Dungeon Overview and Level Annotations

Branches:
Dungeon (10/15)            Temple (1/1) D:4            Lair (0/5) D:10
    Orc (0/2) D:9           Sewer (visited)

Altars:
Ashenzari
Cheibriados
Dithmenos
Fedhas
Gozag
Hepliaklqana
Kikubaaqudgha
Nemelex Xobeh
Okawaru
Qazlal
Ru
Sif Muna
Trog
Uskayaw
Vehumet
Wu Jian
Xom
Yredelemnul

Shops:
D:2 *   D:4 !   D:5 (

Annotations:
D:7 Joseph
D:10 Fannar


Innate Abilities, Weirdness & Mutations

You regenerate a little health from kills.
You sometimes gain power by taking damage.
When seriously injured, your blood forms armour. (AC +6)
Your touch may inflict irresistible damage on your foes.


Message History

You feel agile all of a sudden. The yak gores you but does no damage.
The yak gores you!
The yak gores the bush but does no damage.
The basilisk gazes at you. The komodo dragon bites you!
The yak gores you but does no damage. The komodo dragon bites you!
You turn to flesh and can move again.
Unknown command.
You block the yak's attack. The yak attacks as it pursues you!
The yak misses you.
Fannar the Cold-Hearted comes into view.
They are wielding a +0 quarterstaff of freezing and wearing a +1 robe of cold resistance.
Unknown command.
The yak attacks as it pursues you! You block the yak's attack.
The komodo dragon hisses menacingly.
Casting: Foxfire (safe; 1% risk of failure)
Confirm with . or Enter, or press ? or * to list all spells.
A cloud of volatile blastmotes flares up around you!
The yak bellows!
The yak gores you but does no damage. x2; You block the yak's attack.
The komodo dragon misses you.
Unknown command.
You're wearing all the rings you can.
Remove which one? (? for menu, Esc to cancel) < or
y - a +4 ring of slaying; > or
B - a +5 ring of evasion You remove your +4 ring of slaying.
V - a ring of protection from fire (left hand)
The yak gores you!
* * * LOW HITPOINT WARNING * * *
The yak gores you.
* * * LOW HITPOINT WARNING * * *
The yak gores you.
* * * LOW HITPOINT WARNING * * *
The komodo dragon bites you but does no damage.
The cloud of blastmotes explodes!
The concussive blast engulfs the yak!
The yak is moderately wounded.
The concussive blast engulfs the komodo dragon!
The komodo dragon is moderately wounded.
The concussive blast engulfs the yak but does no damage.
The concussive blast engulfs you! You resist.
You die...

..)...........#..♣.......P
.......###'##.##P.........
.......#....'..♣..........
.......#....#.......Y.P..P
.......#....#...P..P..>...
.......#....#.#.l..O.....P
.......######.#.YY.♣....P.
........ ..#.Yl........
...#.@........P
'...#...........
.#...#....PP.....
..#...#....#...P.#
+.......... #.######### #.
#.


You could see a two-headed ogre, a komodo dragon, 4 yaks and a basilisk.

Vanquished Creatures
  Nergalle (D:10)
  Maurice (D:8)
  Psyche (D:7)
  A hornet (D:8)
  2 wyverns
  3 steam dragons
  A basilisk (D:9)
  Menkaure (D:4)
  An acid dragon (D:9)
  A water moccasin (D:9)
  A sky beast (D:7)
  4 black bears
  5 orc warriors
  2 ice beasts (D:8)
  2 ogres (D:9)
  2 centaurs (D:7)
  3 phantoms (D:5)
  6 kobold brigands
  2 bullfrogs
  A gnoll sergeant (D:8)
  2 scorpions
  8 killer bees
  2 electric eels (D:9)
  3 jellies
  A sleepcap (D:6)
  A gnoll bouda (D:9)
  12 orc priests
  4 hounds
  An iguana (D:5)
  10 orc wizards
  19 gnolls
  7 adders
  2 white imps
  A worm (D:3)
  2 dart slugs (D:1)
  36 orcs
  8 ball pythons
  4 bats
  7 endoplasms
  5 giant cockroaches
  7 goblins
  6 hobgoblins
  3 jackals (D:2)
  6 quokkas
  4 frilled lizards
  32 kobolds
  9 rats
243 creatures vanquished.

Vanquished Creatures (collateral kills)
  4 foxfires
4 creatures vanquished.

Vanquished Creatures (others)
  An orc priest (D:8)
  An orc wizard (D:8)
  An orc (D:6)
  A quokka (D:8)
  586 foxfires
590 creatures vanquished.

Grand Total: 837 creatures vanquished

Notes
Turn   | Place    | Note
-------+----------+-------------------------------------------
     0 | D:1      | Ekaitz the Demonspawn Fire Elementalist began the quest for
                  | the Orb.
     0 | D:1      | Reached XP level 1. HP: 13/13 MP: 3/3
   270 | D:1      | Reached skill level 3 in Fire Magic
   341 | D:1      | Gained mutation: Your touch may inflict minor irresistible
                  | damage on your foes. [demonic ancestry]
   341 | D:1      | Reached XP level 2. HP: 13/19 MP: 3/5
   344 | D:1      | Learned a level 2 spell: Scorch
  1056 | D:2      | Gained mutation: You regenerate a little health from kills.
                  | [demonic ancestry]
  1056 | D:2      | Reached XP level 3. HP: 24/24 MP: 6/6
  1060 | D:2      | Learned a level 3 spell: Volatile Blastmotes
  1313 | D:2      | Found a faded altar of an unknown god.
  1332 | D:2      | Found a transporter.
  1332 | D:2      | Found Lug Vam's Assorted Antiques.
  1334 | D:2      | Found a transporter.
  1339 | D:2      | Bought a scroll labelled HASIAK AHOCS for 31 gold pieces
  1339 | D:2      | Bought a fizzy ruby potion for 27 gold pieces
  1730 | D:3      | Found a glowing drain.
  1855 | Sewer    | Entered a sewer
  1876 | Sewer    | Reached XP level 4. HP: 30/30 MP: 3/7
  2098 | Sewer    | Noticed a kobold brigand
  2098 | Sewer    | Noticed a kobold brigand
  2111 | Sewer    | Killed a kobold brigand
  2112 | Sewer    | Reached skill level 1 in Necromancy
  2112 | Sewer    | Reached XP level 5. HP: 22/36 MP: 0/8
  2126 | Sewer    | Reached skill level 1 in Fighting
  2126 | Sewer    | Reached skill level 1 in Hexes
  2126 | Sewer    | Reached skill level 1 in Translocations
  2237 | Sewer    | Reached skill level 4 in Fire Magic
  2340 | Sewer    | Reached skill level 1 in Air Magic
  2340 | Sewer    | Gained mutation: You sometimes gain a little power by
                  | taking damage. [demonic ancestry]
  2340 | Sewer    | Reached XP level 6. HP: 31/43 MP: 1/10
  2578 | D:3      | Found an iron altar of Okawaru.
  3020 | D:4      | Found Sissoitos's Distillery.
  3069 | D:4      | Bought a potion of invisibility for 88 gold pieces
  3069 | D:4      | Bought a potion of curing for 33 gold pieces
  3190 | D:4      | Noticed Menkaure
  3196 | D:4      | Killed Menkaure
  3299 | D:4      | Gained mutation: Your touch may inflict irresistible damage
                  | on your foes. [demonic ancestry]
  3299 | D:4      | Reached XP level 7. HP: 48/48 MP: 1/11
  3319 | D:4      | Learned a level 3 spell: Inner Flame
  3410 | D:4      | Found a staircase to the Ecumenical Temple.
  3424 | Temple   | Entered the Ecumenical Temple
  3432 | Temple   | Became a worshipper of Sif Muna the Loreminder
  3736 | D:4      | You fall into a shaft and drop 3 floors!
  3767 | D:7      | Noticed a steam dragon
  3775 | D:7      | Killed a steam dragon
  3883 | D:7      | Reached skill level 1 in Invocations
  4348 | D:5      | Entered Level 5 of the Dungeon
  4351 | D:5      | Found Coeppomm's Weapon Shoppe.
  4380 | D:5      | Gained mutation: You sometimes gain power by taking damage.
                  | [demonic ancestry]
  4380 | D:5      | Reached XP level 8. HP: 47/56 MP: 10/14
  4434 | D:5      | Reached * piety under Sif Muna
  4441 | D:5      | Reached skill level 5 in Fire Magic
  4726 | D:5      | Learned a level 2 spell: Cigotuvi's Dreadful Rot
  4731 | D:5      | Learned a level 4 spell: Flame Wave
  4803 | D:5      | Identified the +3 scale mail of Virtue {rElec Will++ Str+3
                  | Int-5}
  5032 | D:5      | Found a hide-covered altar of Uskayaw.
  5137 | D:5      | Reached skill level 1 in Short Blades
  5257 | D:5      | Found a bloodstained altar of Trog.
  5395 | D:6      | Reached XP level 9. HP: 34/63 MP: 10/16
  6470 | D:7      | Noticed Joseph
  6591 | D:7      | Reached skill level 5 in Spellcasting
  6747 | D:8      | Reached ** piety under Sif Muna
  6920 | D:8      | Reached skill level 6 in Fire Magic
  7210 | D:8      | Noticed Maurice
  7213 | D:8      | Upgraded the game from 0.31-a0-949-g57150269e1 to
                  | 0.31-a0-960-g0fca184906
  7386 | D:8      | Noticed Psyche
  7440 | D:7      | Killed Psyche
  7597 | D:8      | Found an ancient bone altar of Kikubaaqudgha.
  7741 | D:8      | Maurice stole 24 poisoned darts
  7742 | D:8      | Killed Maurice
  7743 | D:8      | Gained mutation: When seriously injured, your blood forms
                  | armour. (AC +6) [demonic ancestry]
  7743 | D:8      | Reached XP level 10. HP: 64/72 MP: 12/18
  7820 | D:9      | Reached skill level 7 in Fire Magic
  7843 | D:9      | Reached skill level 1 in Shields
  7997 | D:9      | Identified the +3 scale mail of Hadjma {-Tele Fly SInv}
  8006 | D:9      | Reached *** piety under Sif Muna
  8103 | D:9      | Found a staircase to the Orcish Mines.
  8338 | D:9      | Reached **** piety under Sif Muna
  8478 | D:9      | Found a sparkling altar of Nemelex Xobeh.
  8893 | D:10     | Entered Level 10 of the Dungeon
  8893 | D:10     | Noticed a two-headed ogre
  9057 | D:10     | Noticed Nergalle
  9072 | D:10     | Killed Nergalle
  9073 | D:10     | Reached skill level 5 in Invocations
  9104 | D:10     | Found a staircase to the Lair.
  9120 | D:10     | Noticed Fannar
  9124 | D:10     | HP: 3/73 [yak (6)]
  9125 | D:10     | Killed themself with a badly aimed concussive blast

Illustrated notes

Levels and vault maps discovered:
D:1:      beargit_arrival_greenhouse, layout_loops_ring, serial_forest,
          infiniplex_forest_corner_2, infiniplex_forest_straight_4,
          infiniplex_forest_lined_ring, infiniplex_forest_corner_1,
          infiniplex_forest_clump_medium, kennysheep_flooded_box,
          minmay_misc_feat_secret_circle
D:2:      layout_basic, shapermc_ecumenical_altar_mp_vishouse, serial_shops,
          nicolae_shop_drivethru, minmay_misc_feat_tiny,
          kennysheep_generic_room_10
D:3:      layout_loops_ring, okawaru_trees_2, cheibrodos_sewer_entry_bend,
          nrook_campfire
D:4:      layout_cave_pools, kennysheep_little_box,
          minmay_temple_entry_proselytizer, serial_shops,
          nicolae_shop_industrial_runoff, kennysheep_opposing_triangles,
          uniq_menkaure
D:5:      layout_gridville, lemuel_tele_altar,
          mainiacjoe_overflow_catch_the_wave, serial_shops,
          nicolae_shop_scrapyard, kennysheep_generic_room_8
D:6:      layout_cave_pods
D:7:      layout_basic, uniq_joseph
D:8:      layout_rooms, nicolae_kikubaaqudgha_miasma_corner, elyvilon_altar_4,
          uniq_maurice, uniq_psyche
D:9:      layout_small_grid, overflow_temple_1_default, erik_orc_3,
          disabler_island
D:10:     layout_irregular_city, minmay_lair_entry_grove, uniq_nergalle,
          uniq_fannar, uniq_maggie
Temple:   eino_narrow_crystal_temple

Skill      XL: |  1  2  3  4  5  6  7  8  9 10 |
---------------+-------------------------------+-----
Fire Magic     | 3 4 5 6 7 |  7.6
Stealth        | 2 3 |  3.6
Necromancy     | 1 2 3 4 |  4.6
Fighting       | 1 2 3 4 |  4.5
Hexes          | 1 2 3 4 |  4.4
Translocations | 1 2 3 4 |  4.1
Dodging        | 2 |  2.5
Air Magic      | 1 2 3 4 |  4.4
Spellcasting   | 3 4 5 |  5.9
Conjurations   | 2 3 |  3.8
Invocations    | 1 2 4 5 |  5.0
Short Blades   | 1 |  1.4
Shields        | 2 |  2.4

Action                     |  1- 3 |  4- 6 |  7- 9 | 10-12 || total
---------------------------+-------+-------+-------+-------++-------
  Melee: Dagger            |    56 |    42 |    65 |    42 ||   205
         Touch             |     7 |     2 |    16 |     7 ||    32
         Short sword       |       |     5 |       |       ||     5
         Unarmed           |       |       |     8 |       ||     8
   Cast: Foxfire           |    41 |    46 |   126 |   114 ||   327
         Scorch            |     2 |    10 |    50 |    27 ||    89
         Inner Flame       |       |       |     7 |     2 ||     9
         Volatile Blastmot |       |       |     4 |     1 ||     5
         Flame Wave        |       |       |     2 |     1 ||     3
    Use: Potion            |       |       |     3 |       ||     3
   Stab: Sleeping          |     3 |     5 |     4 |       ||    12
 Armour: Robe              |    22 |    26 |    69 |    50 ||   167
         Skin              |       |       |    11 |       ||    11
  Dodge: Dodged            |    26 |    32 |   132 |    93 ||   283
  Block: Buckler           |       |       |       |     7 ||     7

Table legend: (Time is in decaauts)
 A = Elapsed time spent in this place.
 B = Non-inter-level travel time spent in this place.
 C = Inter-level travel time spent in this place.
 D = Time resting spent in this place.
 E = Time spent auto-exploring this place.
 F = Levels seen in this place.
 G = Mean time per level.
                   A        B        C        D        E       F      G
               +--------+--------+--------+--------+--------+-----+--------+
         Total |   9120 |   8614 |    506 |    337 |   6259 |  12 |  760.0 |
       Dungeon |   8481 |   7990 |    491 |    269 |   5873 |  10 |  848.1 |
        Temple |     16 |      1 |     15 |      0 |      0 |   1 |   16.0 |
         Sewer |    623 |    623 |      0 |     68 |    385 |   1 |  623.0 |
               +--------+--------+--------+--------+--------+-----+--------+

Top non-repeatable levels by time:
     D:7: 1281 daAuts
     D:9: 1120 daAuts
     D:6: 1007 daAuts
     D:1: 947 daAuts
     D:5: 915 daAuts
     D:8: 836 daAuts
     D:3: 768 daAuts
     D:2: 699 daAuts
     D:4: 697 daAuts
   Sewer: 623 daAuts
    D:10: 206 daAuts
  Temple: 16 daAuts
